 Dungeon Crawl Stone Soup version 0.18.1-50-g88ac8fd (webtiles) character file.

290 Gargoyl the Covered (level 6, -8/48 HPs)
             Began as a Demonspawn Abyssal Knight on Sept 18, 2016.
             Was a Believer of Lugonu.
             Mangled by an ogre
             ... wielding a +0 giant club
              (16 damage)
             ... on level 4 of the Dungeon.
             The game lasted 00:05:42 (2595 turns).

Gargoyl the Covered (Demonspawn Abyssal Knight)     Turns: 2595, Time: 00:05:43

Health: -8/48      AC: 14    Str: 15    XL:     6   Next: 9%
Magic:  8/8        EV:  7    Int: 13    God:    Lugonu [**....]
Gold:   317        SH:  0    Dex: 12    Spells: 0 memorised, 5 levels left

rFire  . . .     SeeInvis .     a - +1 hand axe
rCold  . . .     Gourm    .     d - +0 chain mail
rNeg   . . .     Faith    .     (no shield)
rPois  .         Spirit   .     s - +0 helmet
rElec  .         Dismiss  .     f - +0 cloak
rCorr  .         Reflect  .     (no gloves)
SustAt .         Harm     .     (no boots)
MR     .....                    (no amulet)
Stlth  ..........               (no ring)
                                (no ring)

@: not resistant to hostile enchantments, extremely unstealthy
A: hooves 1, thin metallic scales 1, nightstalker 1, powered by death 1
a: Depart the Abyss, Bend Space, Renounce Religion


You were on level 4 of the Dungeon.
You worshipped Lugonu.
Lugonu was pleased with you.
You were not hungry.

You visited 1 branch of the dungeon, and saw 4 of its levels.
You visited the Abyss 1 time.

You collected 317 gold pieces.

Inventory:

Hand Weapons
 a - a +1 hand axe (weapon)
Missiles
 q - 2 tomahawks (quivered)
Armour
 d - a +0 chain mail (worn)
 f - a +0 cloak (worn)
 s - a +0 helmet (worn)
Scrolls
 i - 6 scrolls of identify
 m - 4 scrolls of teleportation {unknown}
 p - a scroll of enchant weapon {unknown}
 t - a scroll of enchant armour {unknown}
Potions
 b - a potion of magic {unknown}
 e - a potion of flight {unknown}
 g - a potion of curing {unknown}
 h - a potion of berserk rage {unknown}
 k - a potion of cancellation {unknown}
 l - 2 potions of might {unknown}
 o - a potion of degeneration {unknown}
 u - a potion of brilliance {unknown}
Comestibles
 c - 5 bread rations
 j - 2 meat rations
 n - a chunk of flesh
 r - 2 beef jerkies


   Skills:
 + Level 4.1 Fighting
 + Level 2.5 Axes
 * Level 4.4 Armour
 + Level 1.6 Dodging
 + Level 2.8 Invocations


You had 5 spell levels left.
You didn't know any spells.

Dungeon Overview and Level Annotations

Branches:
Dungeon (4/15)             Temple (0/1) D:4

Altars:
Elyvilon
Trog
The Shining One

Shops:
D:4 :


Innate Abilities, Weirdness & Mutations

You have large cloven feet.
You are partially covered in thin metallic scales (AC +2).
You are slightly more attuned to the shadows.
You regenerate a little health from kills.


Message History

The ogre hits you but does no damage.
You hit the ogre.
The ogre is heavily wounded.
The ogre hits you with a giant club.
You hit the ogre but do no damage. You kick the ogre, but do no damage.
The ogre is heavily wounded.
The ogre hits you with a giant club!
You hit the ogre. Your kick misses the ogre.
The ogre is severely wounded.
The ogre hits you with a giant club.
You hit the ogre. You kick the ogre, but do no damage.
The ogre is severely wounded.
You hit the ogre. You kick the ogre, but do no damage.
The ogre is severely wounded.
The ogre hits you with a giant club!
* * * LOW HITPOINT WARNING * * *
You hit the ogre. You kick the ogre, but do no damage.
The ogre is almost dead.
The ogre hits you with a giant club!
You die...

.......#.#..##
#####.∩.....# ##.
#.......# #..
####.##### #.# #.#
#.. #.# #.# #.#
#.# ####.# #.# #O#
#....# #.# #@#
#.##.###.# #.#
#........# #.#
#...####.# #.#
#...# #.# #.#
#<..# #.# #.#
#...####.# #.####
#......... #....#
##..####.#
####.#####.......>


You could see an ogre.

Vanquished Creatures
  The ghost of drd the Sneak, an amateur OpAs of Dithmenos (D:3)
  An orc priest (D:3)
  An orc wizard (D:3)
  A worker ant (D:4)
  5 adders
  A worm (D:4)
  2 dart slugs (D:3)
  3 giant geckos
  11 orcs
  A ball python (D:1)
  5 giant cockroaches
  5 goblins
  6 hobgoblins (D:1)
  2 jackals (D:3)
  8 kobolds
  2 quokkas
  10 bats
  3 giant newts
  4 rats (D:1)
72 creatures vanquished.

Notes
Turn   | Place    | Note
--------------------------------------------------------------
     0 | Abyss:1  | Gargoyl the Demonspawn Abyssal Knight began the quest for the Orb.
     0 | Abyss:1  | Reached XP level 1. HP: 18/18 MP: 2/2
    48 | Abyss:1  | Found a burning altar of Makhleb.
   113 | Abyss:2  | Noticed a neqoxec
   114 | Abyss:2  | Noticed a crimson imp
   116 | Abyss:2  | Noticed a quasit
   123 | D:1      | Escaped the Abyss
   232 | D:1      | Gained mutation: You regenerate a little health from kills. [demonic ancestry]
   232 | D:1      | Reached XP level 2. HP: 24/24 MP: 3/3
   237 | D:1      | Reached * piety under Lugonu
   496 | D:1      | Reached XP level 3. HP: 29/29 MP: 5/5
   852 | D:2      | Found a faded altar to an unknown god.
  1144 | D:2      | Reached skill level 1 in Dodging
  1254 | D:2      | Reached ** piety under Lugonu
  1376 | D:3      | Noticed drd's ghost (amateur OpAs)
  1415 | D:3      | Killed drd's ghost
  1415 | D:3      | Gained mutation: You are slightly more attuned to the shadows. [demonic ancestry]
  1415 | D:3      | Reached XP level 4. HP: 32/37 MP: 6/6
  1415 | D:3      | Gained mutation: You have large cloven feet. [demonic ancestry]
  1415 | D:3      | Reached XP level 5. HP: 37/42 MP: 7/7
  1619 | D:3      | Found a white marble altar of Elyvilon.
  1838 | D:3      | Found a glowing golden altar of the Shining One.
  1867 | D:3      | Found a bloodstained altar of Trog.
  2332 | D:4      | Found Ytwaby's Book Shop.
  2412 | D:4      | Found a staircase to the Ecumenical Temple.
  2424 | D:4      | Gained mutation: You are partially covered in thin metallic scales (AC +2). [demonic ancestry]
  2424 | D:4      | Reached XP level 6. HP: 47/48 MP: 8/8
  2595 | D:4      | Mangled by an ogre

Skill      XL: |  1  2  3  4  5 |
---------------+----------------+-----
Armour         | 2 3 4 |  4.4
Axes           | 2 |  2.5
Dodging        | 1 |  1.6
Fighting       | 4 |  4.1
Invocations    | |  2.8

Action                   |  1- 3 |  4- 6 || total
-------------------------+-------+-------++-------
Melee: Hand axe          |   162 |   166 ||   328
       Kick              |       |    42 ||    42
Invok: Depart the Abyss  |     1 |       ||     1
  Use: Scroll            |     2 |     1 ||     3
  Eat: Chunk             |     2 |     4 ||     6
Armor: Chain mail        |   169 |   113 ||   282
       Leather armour    |     2 |       ||     2
Dodge: Dodged            |    55 |    63 ||   118
